AoeStats
← Joaquito

Arena

507640021Analyzed
3v3 RM · 12d ago on Sep 19, 2026· 57m 13s· 6 players
Game mode
Random Map
Map size
Normal (6 player)
Population
200
Speed
Normal
Resources
Standard
Victory
Conquest
Starting age
Dark Age
Ending age
Imperial Age
RankedLock teamsTeams togetherTeam positionsShared explorationLock speedFull tech treeHidden civsTurbo modeCheats
Victory
Defeat
🇺🇸 Japanese · United States
1155
+13
🇺🇸 Cumans · United States
1148
+13
🇺🇸 Armenians · United States
1077
+17
🇨🇱 Ethiopians · Chile
1125
-16
🇨🇱 Cumans · Chile
1097
-15
🇨🇱 Spanish · Chile
1027
-12
MillerTime33
5:20 Loom
7:43 Loom
12:13 Feudal Age
12:18 Man-at-Arms
22:53 Town Watch
23:46 Wheelbarrow
22:59 Horse Collar
24:01 Double-Bit Axe
27:56 Castle Age
29:20 Elite Skirmisher
30:33 Fletching
30:44 Padded Archer Armor
31:47 Bow Saw
32:05 Gold Mining
32:18 Heavy Plow
32:20 Bodkin Arrow
33:39 Leather Archer Armor
38:09 Imperial Age
36:46 Ballistics
36:37 Thumb Ring
40:14 Cavalier
41:37 Bloodlines
41:36 Scale Barding Armor
41:41 Forging
41:30 Light Cavalry
43:16 Chain Barding Armor
46:31 Paladin
48:00 Plate Barding Armor
49:49 Iron Casting
52:09 Gold Shaft Mining
53:30 Blast Furnace
54:12 Hand Cart
54:31 Crop Rotation
55:04 Two-Man Saw
MrDuffyMcDuff
3:11 Loom
12:16 Feudal Age
13:31 Double-Bit Axe
16:59 Castle Age
15:23 Horse Collar
17:00 Forging
17:18 Scale Mail Armor
17:11 Fletching
17:14 Gold Mining
17:55 Bow Saw
17:38 Stone Mining
18:32 Fletching
18:42 Scale Mail Armor
18:50 Scale Barding Armor
23:33 Fletching
23:43 Scale Mail Armor
23:44 Padded Archer Armor
23:39 Fletching
24:27 Wheelbarrow
25:14 Bodkin Arrow
25:19 Scale Mail Armor
26:00 Gold Shaft Mining
25:49 Scale Mail Armor
26:02 Scale Mail Armor
27:23 Hand Cart
27:54 Bodkin Arrow
28:21 Treadmill Crane
29:04 Ballistics
30:43 Bloodlines
30:34 Husbandry
30:53 Leather Archer Armor
31:03 Heavy Plow
32:41 Thumb Ring
40:42 Imperial Age
38:28 Scale Mail Armor
38:47 Squires
38:08 Pikeman
39:18 Pikeman
39:51 Arson
41:50 Iron Casting
40:51 Halberdier
43:47 Elite Samurai
44:48 Conscription
45:42 Kataparuto
46:49 Blast Furnace
46:39 Chain Mail Armor
48:56 Plate Mail Armor
49:29 Two-Man Saw
48:02 Capped Ram
Jersey_TitanX
7:23 Loom
9:50 Feudal Age
10:00 Man-at-Arms
12:51 Arson
13:55 Double-Bit Axe
21:13 Castle Age
20:11 Fletching
20:22 Padded Archer Armor
21:26 Gold Mining
21:39 Crossbowman
22:17 Horse Collar
23:53 Bow Saw
25:02 Bodkin Arrow
25:38 Elite Skirmisher
26:49 Leather Archer Armor
28:37 Wheelbarrow
33:12 Husbandry
33:23 Forging
33:21 Scale Barding Armor
33:50 Light Cavalry
34:41 Bloodlines
38:20 Imperial Age
38:13 Heavy Plow
39:13 Arbalester
41:12 Ballistics
41:52 Chemistry
41:43 Gold Shaft Mining
40:59 Stone Mining
42:07 Ring Archer Armor
41:37 Bracer
42:40 Elite Composite Bowman
46:37 Conscription
48:26 Bloodlines
50:44 Iron Casting
51:23 Sanctity
55:00 Redemption
Joaquito
7:40 Loom
10:08 Feudal Age
14:11 Double-Bit Axe
14:21 Fletching
24:37 Castle Age
24:58 Crossbowman
25:46 Thumb Ring
25:52 Bodkin Arrow
25:58 Padded Archer Armor
26:29 Stone Mining
26:31 Gold Mining
30:56 Bow Saw
33:48 Ballistics
36:31 Royal Heirs
37:43 Wheelbarrow
37:39 Town Watch
37:45 Horse Collar
39:47 Masonry
40:49 Gold Shaft Mining
43:48 Imperial Age
44:49 Arbalester
46:53 Bracer
49:54 Stone Shaft Mining
50:35 Two-Man Saw
50:34 Architecture
53:33 Chemistry
53:10 Onager
55:03 Conscription
Arzzeus
10:27 Feudal Age
14:47 Castle Age
13:39 Stone Mining
14:32 Loom
21:13 Double-Bit Axe
23:53 Bow Saw
25:11 Gold Mining
25:26 Horse Collar
26:50 Heavy Plow
28:07 Wheelbarrow
28:49 Ballistics
30:31 Hand Cart
36:12 Imperial Age
34:26 Stone Shaft Mining
36:00 Masonry
35:49 Murder Holes
36:18 Onager
38:05 Chemistry
38:11 Hoardings
39:25 Architecture
38:39 Elite Conquistador
52:24 Scale Barding Armor
52:30 Forging
52:21 Light Cavalry
53:12 Bloodlines
53:03 Husbandry
52:44 Cavalier
54:03 Chain Barding Armor
53:12 Hussar
56:06 Plate Barding Armor
56:07 Iron Casting
cacadecaca38
11:42 Feudal Age
11:59 Man-at-Arms
27:01 Double-Bit Axe
30:51 Castle Age
30:06 Forging
29:56 Scale Mail Armor
34:02 Bow Saw
37:28 Elite Skirmisher
41:23 Fletching
42:20 Bodkin Arrow
42:39 Padded Archer Armor
46:02 Ballistics
46:00 Leather Archer Armor
46:40 Wheelbarrow
49:24 Thumb Ring
49:09 Pikeman
Connection lost

Rejoining the realm…

Still unreachable

The connection could not be restored.

Session expired

The server has moved on; the page needs a fresh start.